 Dungeon Crawl Stone Soup version 0.27.1-33-g824d729ab1 (webtiles) character file.

Game seed: 14921575980569163575

796067 potato4science the Conqueror (level 27, -2/273 HPs)
             Began as a Hill Orc Fighter on Dec 20, 2021.
             Was the Champion of the Shining One.
             Killed from afar by a Brimstone Fiend (22 damage)
             ... with damnation
             ... on level 7 of Gehenna.
             The game lasted 08:25:22 (85962 turns).

potato4science the Conqueror (Hill Orc Fighter)    Turns: 85962, Time: 08:25:24

Health: -2/273     AC: 48    Str: 28    XL:     27
Magic:  47/49      EV: 14    Int: 12    God:    the Shining One [******]
Gold:   6722       SH: 53    Dex: 13    Spells: 29/38 levels left

rFire    + + +     SeeInvis +   a - +11 broad axe "Cir Sucs" {flame, Will++ Str+2 Dex+3}
rCold    + + +     Faith    .   V - +10 tower shield of Ignorance {rN+ Int-4}
rNeg     + + +     Spirit   .   X - +8 gold dragon scales
rPois    +         Reflect  .   T - +2 hat {Will+}
rElec    +         Harm     .   s - scarf {rC+ rF+}
rCorr    +         Rampage  .   A - +3 pair of gauntlets of War {Slay+5}
Will     +++++     Clarity  +   k - +2 pair of boots of Marbles {rCorr Str-2 SInv}
Stlth    ..........             x - amulet of the Four Winds {rN+ Will+++ Clar}
HPRegen  0.55/turn              K - ring of Yvahem {rElec rPois rC+ rCorr Int+4}
MPRegen  0.31/turn              h - ring of Jupeest {rF+ MP+9 Slay+4}

@: divinely shielded, glowing, studying Long Blades
A: fangs 1, hooves 1, horns 1, iridescent scales 1, poison resistance
}: 5/15 runes: decaying, slimy, silver, abyssal, gossamer
a: Renounce Religion, Divine Shield, Cleansing Flame, Summon Divine Warrior,
Brand Weapon With Holy Wrath


You were on level 7 of Gehenna.
You worshipped the Shining One.
The Shining One was exalted by your worship.
You visited 13 branches of the dungeon, and saw 61 of its levels.
You visited the Abyss 1 time.
You visited 1 bazaar.
You also visited: Ossuary, Bailey, Gauntlet and Desolation.

You collected 11492 gold pieces.
You spent 4770 gold pieces at shops.

Inventory:

Hand Weapons
 a - the +11 broad axe "Cir Sucs" (weapon) {flame, Will++ Str+2 Dex+3}
   (Okawaru gifted it to you on level 14 of the Dungeon)

   It burns those it strikes, dealing additional fire damage.
   Big, fiery blades are also staple armaments of hydra-hunters.
   Str:       It affects your strength (+2).
   Dex:       It affects your dexterity (+3).
   Will:      It greatly increases your willpower.
 b - a +5 trishula of holy wrath
Missiles
 D - 35 boomerangs (quivered)
 J - 14 boomerangs of dispersal
Armour
 k - the +2 pair of boots of Marbles (worn) {rCorr Str-2 SInv}
   (Okawaru gifted it to you on level 1 of the Elven Halls)

   Str:       It affects your strength (-2).
   SInv:      It lets you see invisible.
   rCorr:     It protects you from acid and corrosion.
 s - a scarf of resistance (worn)
 A - the +3 pair of gauntlets of War (worn) {Slay+5}
   (You found it in the Desolation of Salt)

   Slay:      It affects your accuracy & damage with ranged weapons and melee
   (+5).
 T - a +2 hat of willpower (worn)
 V - the +10 tower shield of Ignorance (worn) {rN+ Int-4}
   (You found it on level 3 of the Elven Halls)

   Int:       It affects your intelligence (-4).
   rN:        It protects you from negative energy.
 X - +8 gold dragon scales (worn)
Jewellery
 c - the ring "Ryotih" {rF+ Will++ rCorr Slay-2 SInv}
   (You found it on level 5 of the Pits of Slime)

   [ring of resist corrosion]

   Slay:      It affects your accuracy & damage with ranged weapons and melee
   (-2).
   rF:        It protects you from fire.
   SInv:      It lets you see invisible.
   rCorr:     It protects you from acid and corrosion.
   Will:      It greatly increases your willpower.
 e - the ring "Wotefaw" {rElec rF+ rCorr}
   (You acquired it on level 6 of the Dungeon)

   [ring of protection from fire]

   rF:        It protects you from fire.
   rElec:     It insulates you from electricity.
   rCorr:     It protects you from acid and corrosion.
 f - the amulet of Sophism {Reflect rPois rF+ rC- Dex+2 SH+5}
   (You found it in the Desolation of Salt)

   [amulet of reflection]

   It reflects blocked missile attacks.
   Dex:       It affects your dexterity (+2).
   rF:        It protects you from fire.
   rC:        It makes you vulnerable to cold.
   rPois:     It protects you from poison.
   SH:        It affects your SH (+5).
 h - the ring of Jupeest (right hand) {rF+ MP+9 Slay+4}
   (You found it on level 8 of the Dungeon)

   [ring of slaying]

   Slay:      It affects your accuracy & damage with ranged weapons and melee
   (+4).
   rF:        It protects you from fire.
   MP:        It affects your magic capacity (+9).
 l - a ring of flight
 p - the amulet "Okiceyt" {Reflect Harm rPois rF+ SH+5 Stlth-}
   (You found it on level 3 of the Elven Halls)

   [amulet of reflection]

   It reflects blocked missile attacks.
   rF:        It protects you from fire.
   rPois:     It protects you from poison.
   SH:        It affects your SH (+5).
   Harm:      It increases damage dealt and taken.
   Stlth:     It makes you less stealthy.
 x - the amulet of the Four Winds (around neck) {rN+ Will+++ Clar}
   (You bought it in a shop in a bazaar)

   [amulet of nothing]

   rN:        It protects you from negative energy.
   Clar:      It protects you against confusion.
   Will:      It greatly increases your willpower.
 K - the ring of Yvahem (left hand) {rElec rPois rC+ rCorr Int+4}
   (You found it on level 3 of the Crypt)

   [ring of poison resistance]

   Int:       It affects your intelligence (+4).
   rC:        It protects you from cold.
   rElec:     It insulates you from electricity.
   rPois:     It protects you from poison.
   rCorr:     It protects you from acid and corrosion.
 N - the amulet of Noacsael {Regen+ Str+6 Slay+3}
   (You found it on level 3 of the Crypt)

   [amulet of regeneration]

   Str:       It affects your strength (+6).
   Slay:      It affects your accuracy & damage with ranged weapons and melee
   (+3).
   Regen:     It increases your rate of health regeneration.
 O - the ring of Yjaywi Xan {rC+ rN+ Slay+3}
   (You found it on level 3 of the Crypt)

   [ring of positive energy]

   Slay:      It affects your accuracy & damage with ranged weapons and melee
   (+3).
   rC:        It protects you from cold.
   rN:        It protects you from negative energy.
Wands
 q - a wand of acid (6)
 u - a wand of flame (18)
 E - a wand of iceblast (44)
 M - a wand of charming (8)
 Q - a wand of digging (20)
Scrolls
 d - 12 scrolls of fear
 i - 6 scrolls of fog
 j - 2 scrolls of summoning
 r - 3 scrolls of enchant weapon
 v - 22 scrolls of teleportation
 y - 6 scrolls of blinking
 G - 3 scrolls of holy word
 L - a scroll of amnesia
 P - 3 scrolls of silence
 W - 11 scrolls of magic mapping
Potions
 g - 9 potions of haste
 m - 10 potions of ambrosia
 n - a potion of mutation
 o - 6 potions of flight
 w - 28 potions of curing
 z - 6 potions of berserk rage
 B - 7 potions of magic
 C - 11 potions of brilliance
 F - 8 potions of might
 H - 5 potions of cancellation
 S - 4 potions of resistance
 Y - 6 potions of heal wounds


   Skills:
 O Level 27 Fighting
 - Level 18.0 Axes
 O Level 27 Armour
 - Level 17.0 Dodging
 - Level 25.0 Shields
 - Level 6.0 Spellcasting
 - Level 3.0 Hexes
 - Level 9.0 Translocations
 - Level 12.0 Ice Magic
 + Level 26.7 Invocations


You had 29 spell levels left.
You knew the following spells:

 Your Spells              Type           Power      Damage    Failure   Level
a - Apportation           Tloc           50%        N/A       2%          1
b - Blink                 Tloc           N/A        N/A       3%          2
c - Ozocubu's Armour      Ice            32%        N/A       2%          3
d - Frozen Ramparts       Ice            64%        1d8       2%          3

Your spell library contained the following spells:

 Spells                   Type           Power      Damage    Failure   Level
 Ensorcelled Hibernation  Hex/Ice        42%        N/A       7%          2
 Gell's Gravitas          Tloc           12%        N/A       8%          3
 Lesser Beckoning         Tloc           12%        N/A       8%          3
 Teleport Other           Tloc           25%        N/A       8%          3
 Portal Projectile        Hex/Tloc       36%        N/A       26%         3
 Passage of Golubria      Tloc           N/A        N/A       26%         4
 Corona                   Hex            11%        N/A       30%         1
 Slow                     Hex            10%        N/A       41%         2
 Manifold Assault         Tloc           25%        N/A       56%         5
 Confusing Touch          Hex            10%        N/A       65%         3
 Tukima's Dance           Hex            10%        N/A       65%         3
 Ice Form                 Ice/Tmut       18%        N/A       65%         4
 Summon Ice Beast         Ice/Summ       18%        N/A       65%         4
 Animate Skeleton         Necr           6%         N/A       71%         1
 Foxfire                  Conj/Fire      12%        2x1d4     71%         1
 Magic Dart               Conj           12%        1d3       71%         1
 Pain                     Necr           12%        1d4       71%         1
 Sandblast                Erth           6%         2d5       71%         1
 Shock                    Conj/Air       12%        1d3       71%         1
 Sting                    Tmut/Pois      12%        1d3       71%         1
 Summon Small Mammal      Summ           12%        N/A       71%         1
 Metabolic Englaciation   Hex/Ice        10%        N/A       78%         5
 Call Imp                 Summ           3%         N/A       83%         2
 Corpse Rot               Necr/Air       N/A        N/A       83%         2
 Passwall                 Tmut/Erth      2%         N/A       83%         2
 Poisonous Vapours        Pois/Air       6%         N/A       83%         2
 Searing Ray              Conj           6%         3d3       83%         2
 Static Discharge         Conj/Air       3%         N/A       83%         2
 Iskenderun's Mystic Bla  Conj/Tloc      14%        2d5       85%         4
 Dazzling Flash           Conj/Hex       14%        N/A       86%         3
 Inner Flame              Hex/Fire       7%         N/A       86%         3
 Summon Guardian Golem    Hex/Summ       7%         N/A       86%         3
 Cause Fear               Hex            5%         N/A       96%         4
 Call Canine Familiar     Summ           3%         N/A       97%         3
 Conjure Flame            Conj/Fire      3%         6-21      97%         3
 Ignite Poison            Fire/Tmut/Pois 3%         N/A       97%         3
 Mephitic Cloud           Conj/Pois/Air  3%         N/A       97%         3
 Spider Form              Tmut/Pois      1%         N/A       97%         3
 Stone Arrow              Conj/Erth      6%         3d7       97%         3
 Swiftness                Air            3%         N/A       97%         3
 Vampiric Draining        Necr           1%         2d6       97%         3
 Dispersal                Tloc           12%        N/A       98%         6
 Fulminant Prism          Conj/Hex       3%         3d6       99%         4
 Leda's Liquefaction      Hex/Erth       3%         N/A       99%         4
 Freezing Cloud           Conj/Ice/Air   6%         6-21      99%         5
 Summon Forest            Summ/Tloc      7%         N/A       99%         5
 Ozocubu's Refrigeration  Ice            16%        4d8       99%         7
 Airstrike                Air            1%         N/A       100%        4
 Animate Armour           Summ/Erth      6%         N/A       100%        4
 Animate Dead             Necr           1%         N/A       100%        4
 Dispel Undead            Necr           3%         3d7       100%        4
 Olgreb's Toxic Radiance  Pois           3%         N/A       100%        4
 Petrify                  Tmut/Erth      3%         N/A       100%        4
 Sticky Flame             Conj/Fire      3%         2d3       100%        4
 Summon Lightning Spire   Summ/Air       3%         N/A       100%        4
 Alistair's Intoxication  Tmut/Pois      2%         N/A       100%        5
 Blade Hands              Tmut           1%         N/A       100%        5
 Bolt of Magma            Conj/Fire/Erth 1%         4d4       100%        5
 Borgnjor's Vile Clutch   Necr/Erth      1%         N/A       100%        5
 Excruciating Wounds      Necr           1%         N/A       100%        5
 Fireball                 Conj/Fire      1%         3d3       100%        5
 Irradiate                Conj/Tmut      1%         3d13      100%        5
 Iskenderun's Battlesphe  Conj           3%         2d6       100%        5
 Lee's Rapid Deconstruct  Erth           1%         3d5*      100%        5
 Lightning Bolt           Conj/Air       1%         1d12      100%        5
 Summon Mana Viper        Hex/Summ       7%         N/A       100%        5
 Yara's Violent Unravell  Hex/Tmut       3%         3d4       100%        5
 Conjure Ball Lightning   Conj/Air       1%         3x3d6     100%        6
 Death Channel            Necr           1%         N/A       100%        6
 Eringya's Noxious Bog    Tmut/Pois      1%         N/A       100%        6
 Invisibility             Hex            5%         N/A       100%        6
 Iron Shot                Conj/Erth      1%         9d1       100%        6
 Starburst                Conj/Fire      1%         6d3       100%        6
 Statue Form              Tmut/Erth      2%         N/A       100%        6
 Dragon Form              Tmut           1%         N/A       100%        7
 Haunt                    Necr/Summ      1%         N/A       100%        7
 Monstrous Menagerie      Summ           1%         N/A       100%        7
 Orb of Destruction       Conj           1%         N/A       100%        7
 Spellforged Servitor     Conj/Summ      1%         N/A       100%        7
 Storm Form               Tmut/Air       1%         N/A       100%        7
 Summon Hydra             Summ           1%         N/A       100%        7
 Discord                  Hex            5%         N/A       100%        8
 Disjunction              Tloc           12%        N/A       100%        8
 Ignition                 Fire           1%         3d3       100%        8
 Infestation              Necr           1%         N/A       100%        8
 Lehudib's Crystal Spear  Conj/Erth      1%         10d2      100%        8
 Maxwell's Capacitive Co  Air            1%         ∞         100%        8
 Chain Lightning          Conj/Air       1%         3d2       100%        9
 Dragon's Call            Summ           1%         N/A       100%        9
 Fire Storm               Conj/Fire      1%         8d1       100%        9
 Shatter                  Erth           1%         3d6*      100%        9


Dungeon Overview and Level Annotations

Branches:
Dungeon (15/15)            Temple (1/1) D:7            Lair (6/6) D:10
  Swamp (4/4) Lair:2       Spider (4/4) Lair:3        Slime (5/5) Lair:5
    Orc (2/2) D:10            Elf (3/3) Orc:2        Vaults (5/5) D:14
  Crypt (3/3) Vaults:3       Tomb (0/3) Crypt:3      Depths (5/5) D:15
   Hell (visited)             Dis (0/7) Hell            Geh (7/7) Hell
    Coc (0/7) Hell            Tar (0/7) Hell            Zot (0/5) Depths:5
Ossuary (visited)          Bailey (visited)         Desolation (visited)
Gauntlet (visited)

Altars:
Ashenzari
Cheibriados
Dithmenos
Elyvilon
Fedhas
Gozag
Hepliaklqana
Kikubaaqudgha
Makhleb
Nemelex Xobeh
Okawaru
Qazlal
Ru
Sif Muna
Trog
Uskayaw
Vehumet
Wu Jian
Xom
Yredelemnul
Zin
The Shining One
Beogh

Shops:
D:13 (   D:15 !   Orc:2 =**:(   Elf:1 (   Vaults:2 :*?*   Vaults:3 :
Depths:1 ::=   Depths:4 (

Portals:
Hell: Lair:6 Depths:1 Depths:2 Depths:3 Depths:4 Depths:5
Abyss: Depths:3 Depths:4
Pandemonium: Depths:2 Depths:3 Depths:4 Depths:5
Ziggurat: Depths:5

Annotations:
Lair:2 exclusion: 2 oklob plants
Depths:5 4 runed translucent doors


Innate Abilities, Weirdness & Mutations

You have very sharp teeth.
You have large cloven feet.
You have a pair of small horns on your head.
You are partially covered in iridescent scales. (AC +2)
Your system is resistant to poisons. (rPois)


Message History

You headbutt the Brimstone Fiend, but do no damage.
The Brimstone Fiend is moderately wounded.
You slice the Brimstone Fiend!!
Your angel gestures.
Your angel is healed somewhat.
You block the Brimstone Fiend's attack. x2
The Brimstone Fiend hits you but does no damage. x2
You block the Brimstone Fiend's attack.
The Brimstone Fiend hits you but does no damage.
You feel lost and a long, long way from home...
You hit the Brimstone Fiend but do no damage.
Your headbutt misses the Brimstone Fiend.
Your bite misses the Brimstone Fiend.
The Brimstone Fiend is moderately wounded.
You hit the Brimstone Fiend but do no damage.
Your angel gestures.
Your angel is healed somewhat.
The Brimstone Fiend calls on the powers of darkness!
Your body is wracked with pain!
* * * LOW HITPOINT WARNING * * *
Your angel convulses!
The Brimstone Fiend gestures at you.
The sphere of damnation explodes!
The damnation engulfs you!!!
* * * LOW HITPOINT WARNING * * *
The damnation engulfs the Brimstone Fiend.
The Brimstone Fiend completely resists.
The damnation engulfs the Brimstone Fiend.
The Brimstone Fiend completely resists.
The damnation engulfs your angel!!!
Your angel dies!
Your angel dissolves into sparkling lights!
The Brimstone Fiend roars!
You can't see any enemies this would affect, really read the scroll of fear?
Okay, then.
You feel much better.
The Brimstone Fiend roars!
You block the Brimstone Fiend's attack. x2
The Brimstone Fiend completely misses you.
The Brimstone Fiend gestures at you.
The sphere of damnation explodes!
The damnation engulfs you!!
You die...

§≈≈≈≈≈≈≈≈§§≈
≈≈≈≈≈§≈≈≈≈§§ #####§≈≈≈≈≈
# ########v≈§≈≈ ##.
#......#≈≈≈≈≈
##...#######......##≈○≈v
......1...#...##...#####
#..1@..'..####..'....
..........#...##...#####
##...#######......##≈≈§§
##. #......#≈≈≈≈≈ #
########≈≈≈≈≈
#####≈§≈≈≈≈ ≈≈≈≈≈≈v§§≈≈≈
≈≈≈≈≈≈§§§≈≈≈ §≈≈≈≈≈≈≈


You could see 2 Brimstone Fiends.

Vanquished Creatures
  the Royal Jelly (Slime:5)
  4 dread liches
  Mara (Vaults:4)
  Mennas (Crypt:1)
  2 juggernauts
  Sojobo (Depths:1)
  Frederick (Vaults:3)
  Bai Suzhen (Spider:4)
  2 curse toes
  Geryon (Hell)
  2 golden dragons
  4 bone dragons
  Arachne (Spider:4)
  13 Brimstone Fiends
  7 tentacled monstrosities
  Jorgrun (Spider:1)
  Rupert (D:15)
  9 liches
  9 deep elf blademasters
  Asterion (Elf:3)
  6 deep elf master archers
  25 titans
  20 tentacled starspawn
  9 ancient champions
  9 sphinxes
  19 acid blobs
  3 thorn hunters (Swamp:4)
  2 storm dragons (Depths:5)
  Donald (Slime:4)
  7 shadow dragons
  4 revenants
  12 tengu reavers
  A draconian knight (Depths:5)
  12 azure jellies
  15 fire giants
  A draconian monk (Depths:5)
  19 rockslimes
  22 vault wardens
  19 frost giants
  4 ghost moths
  A ghost moth (shapeshifter) (Depths:4)
  6 deep elf sorcerers
  2 imperial myrmidons (Desolation)
  A draconian scorcher (Abyss:3)
  Louise (Depths:4)
  13 balrugs
  A draconian shifter (Abyss:4)
  A cacodemon (Abyss:3)
  3 iron dragons
  An orc warlord (Vaults:1)
  6 deep elf elementalists
  A quicksilver ooze (shapeshifter) (Depths:5)
  4 curse skulls
  A draconian stormcaller (Hell)
  5 ghouls
  3 emperor scorpions (Spider:4)
  The ghost of Cown the Bludgeoner, a journeyman TrHu of Yredelemnul (D:14)
  3 angels
  4 spriggan defenders (Depths:2)
  10 quicksilver oozes
  3 caustic shrike skeletons (Crypt:3)
  6 war gargoyles
  25 ironbound preservers
  35 very ugly things
  A draconian annihilator (Depths:5)
  A stone giant (shapeshifter) (Depths:5)
  2 ophanim (Abyss:5)
  17 reapers
  5 yellow draconians
  A green draconian (Depths:5)
  14 vampire knights
  28 stone giants
  5 black draconians
  3 dire elephants (Vaults:1)
  8 deep elf demonologists
  2 lorocyprocas (Abyss:3)
  10 white draconians
  2 purple draconians
  7 deep elf annihilators
  3 halazid warlocks (Desolation)
  3 spark wasps
  4 bunyips
  6 red draconians
  A minotaur (Gauntlet)
  7 entropy weavers
  5 eleionomae
  3 blizzard demons
  14 ettins
  4 eidola
  A merfolk impaler (Depths:3)
  11 deep elf death magi
  11 fire dragons
  3 deep elf high priests
  4 quicksilver dragon zombies
  11 jiangshi
  2 rakshasas
  3 ragged hierophants (Desolation)
  A naga warrior (Abyss:4)
  14 ironbound thunderhulks
  41 vault guards
  12 great orbs of eyes
  A kraken zombie (Hell)
  2 shambling mangroves (Swamp:4)
  9 yaktaur captains
  2 ghost crabs
  8 servants of whispers (Desolation)
  10 ice dragons
  A monstrous demonspawn (Depths:4)
  11 peacekeepers
  11 boulder beetles
  An ogre mage (Abyss:4)
  8 ironbound frosthearts
  A catoblepas (Lair:4)
  12 alligators
  24 hydras
  5 quicksilver dragon skeletons
  3 spriggan air magi
  18 centaur warriors
  3 death knights
  4 two-headed ogres
  25 dancing weapons
  9 deep troll shamans
  10 deep troll earth magi
  7 tengu warriors
  37 hell hogs
  50 thrashing horrors
  6 death yaks (Lair:5)
  4 ironbound beastmasters
  4 titan zombies
  8 vampire magi
  7 soul eaters
  56 hell knights
  17 sun demons
  9 spriggan berserkers
  5 shadow wraiths
  12 deep elf knights
  7 titan skeletons
  28 skeletal warriors
  20 wretched stars
  6 sixfirhies
  2 fire crabs
  5 iron trolls
  3 ghost moth zombies
  A golden dragon zombie (Depths:4)
  3 spatial maelstroms
  A shadow demon (Abyss:3)
  66 deep trolls
  6 goliath frogs
  2 cherubim (Abyss:5)
  6 spriggan druids
  9 glowing orange brains
  5 anaconda zombies
  3 golden dragon skeletons
  5 lindwurms
  9 swamp dragons
  27 ironbound convokers
  32 deep elf zephyrmancers
  10 orc knights
  9 bog bodies
  20 flayed ghosts
  A torturous demonspawn (Depths:4)
  18 orb spiders
  11 deep elf archers
  A harpy (shapeshifter) (Vaults:5)
  A shadow dragon zombie (Geh:5)
  5 stone giant zombies
  24 phantasmal warriors
  24 necromancers
  3 anaconda skeletons
  31 deep elf pyromancers
  3 orc sorcerers
  12 wizards
  2 oklob plants (Lair:2)
  A sphinx zombie (Vaults:4)
  38 wolf spiders
  2 fire giant zombies
  4 manticores
  3 will-o-the-wisps (Swamp:3)
  5 shadow dragon skeletons
  3 shining eyes
  3 harpies (Vaults:1)
  47 ugly things
  3 cyclopes
  A frost giant skeleton (Crypt:3)
  A cyclops (shapeshifter) (Vaults:5)
  6 frost giant zombies
  9 worldbinders
  38 large abominations
  2 moths of wrath
  16 elephants
  4 dire elephant zombies
  A spriggan zombie (Depths:4)
  An iron dragon skeleton (Geh:1)
  Maurice (D:8)
  A shock serpent zombie (Geh:2)
  24 vault sentinels
  5 eyes of devastation
  2 elephants (shapeshifter)
  8 guardian serpents
  10 black mambas
  A black mamba (shapeshifter) (Vaults:5)
  An ice statue (Hell)
  5 fire giant skeletons
  22 smoke demons
  3 apocalypse crabs
  4 molten gargoyles
  8 orange demons
  6 torpor snails
  Maggie (D:10)
  4 stone giant skeletons
  5 unseen horrors
  3 elf skeletons
  7 rust devils
  10 cane toads
  A shock serpent skeleton (Geh:4)
  36 hellions
  4 gargoyles
  2 kobold demonologists (D:12)
  11 tormentors
  6 dire elephant skeletons
  18 demonic crawlers
  6 rime drakes
  11 efreet
  A death yak zombie (Crypt:1)
  13 komodo dragons
  A yaktaur (shapeshifter) (Abyss:4)
  3 freezing wraiths
  A golden dragon simulacrum (Vaults:4)
  5 tengu conjurers
  A minotaur skeleton (Crypt:3)
  20 yaktaurs
  7 hellwings
  4 guardian mummies (Crypt:1)
  12 ice devils
  13 ancient zymes
  A purple draconian skeleton (Crypt:3)
  A bloated husk (Swamp:4)
  A meliai (shapeshifter) (Depths:5)
  A harpy zombie (Crypt:2)
  16 red devils
  2 hydra zombies
  8 meliai
  A silent spectre (Abyss:2)
  37 jumping spiders
  38 hornets
  A red draconian skeleton (Crypt:1)
  5 trolls
  4 hydra skeletons
  10 tyrant leeches
  3 polar bears
  39 raiju
  A wolf spider simulacrum (D:14)
  90 slime creatures
  A blink frog (Lair:6)
  60 saltlings (Desolation)
  A fire dragon zombie (Depths:1)
  3 ettin zombies
  4 ice dragon zombies
  14 dream sheep
  3 centaur simulacra (D:14)
  2 alligator skeletons
  66 flying skulls
  5 fire dragon skeletons
  A black mamba zombie (Abyss:4)
  20 spriggans
  9 ynoxinuls
  3 wyverns
  5 ice dragon skeletons
  2 vampires
  75 redbacks
  A spriggan (shapeshifter) (Abyss:4)
  12 water elementals
  2 air elementals
  13 shadows
  23 wraiths
  An elf simulacrum (Depths:1)
  44 yaks
  6 ettin skeletons
  6 fire bats
  42 tarantellas
  5 basilisks
  A wind drake zombie (Crypt:1)
  17 humans (D:14)
  A human (shapeshifter) (Abyss:5)
  9 golden eyes
  A black mamba skeleton (Geh:3)
  28 fire elementals
  11 chaos spawn
  A sea snake simulacrum (Hell)
  10 vampire mosquitoes
  9 neqoxecs
  2 wargs
  A spatial vortex (Abyss:5)
  2 acid dragons
  A naga (Abyss:4)
  20 water moccasins
  18 swamp worms
  A gelid demonspawn zombie (Geh:2)
  A hydra simulacrum (Hell)
  A floating eye (Depths:4)
  43 hell hounds
  A swamp worm (shapeshifter) (Vaults:1)
  A meliai simulacrum (D:14)
  3 ice beasts
  3 black bears
  2 cane toad skeletons
  3 snapping turtle zombies
  8 swamp drakes (Swamp:4)
  46 orc warriors
  A sky beast (D:6)
  A manticore zombie (Geh:2)
  22 small abominations
  An alligator simulacrum (Hell)
  10 necrophages
  5 ogres
  A boggart (D:12)
  37 starcursed masses
  2 snapping turtle skeletons
  11 wolves
  4 phantoms
  28 centaurs
  A manticore skeleton (Geh:6)
  3 kobold brigands
  4 elf zombies
  2 earth elementals
  13 bullfrogs
  A gnoll sergeant (D:10)
  A salamander skeleton (Crypt:1)
  7 scorpions
  A cyclops skeleton (Crypt:2)
  A water moccasin zombie (D:6)
  A water moccasin skeleton (Crypt:1)
  A shapeshifter zombie (Crypt:1)
  A wyvern skeleton (D:7)
  2 vampire bats
  60 wights
  8 howler monkeys
  16 jellies
  3 centaur zombies
  A crimson imp (Geh:1)
  A wolf skeleton (Crypt:2)
  2 bullfrog zombies
  A quasit (Abyss:3)
  2 hounds
  3 human zombies
  9 orc priests
  A gnoll shaman (D:6)
  A centaur skeleton (Crypt:3)
  2 iron imps (Abyss:4)
  2 scorpion zombies (D:5)
  3 human skeletons
  2 iguanas (D:6)
  9 orc wizards
  A hell rat (Lair:2)
  A killer bee zombie (Crypt:2)
  A demigod skeleton (Crypt:2)
  A felid skeleton (Crypt:3)
  A naga skeleton (Crypt:2)
  A hound skeleton (D:5)
  10 mummies
  Robin (D:2)
  24 gnolls
  A howler monkey skeleton (D:4)
  9 adders
  4 shadow imps
  6 white imps
  4 ufetubi
  5 worms
  A dart slug (D:2)
  78 orcs
  2 bat skeletons
  5 bat zombies (D:6)
  6 endoplasms
  3 giant cockroaches
  12 hobgoblins
  5 jackals
  7 quokkas
  7 ball pythons
  A ball python skeleton (Crypt:1)
  13 bats
  2 frilled lizards (D:1)
  A frilled lizard zombie (Crypt:1)
  18 goblins
  A hobgoblin skeleton (Crypt:2)
  3 hobgoblin zombies (Ossuary)
  A jackal skeleton (D:4)
  20 kobolds
  7 kobold zombies
  3 orc skeletons
  3 orc zombies (Ossuary)
  3 rats
  8 briar patches (Swamp:3)
  A butterfly (D:5)
  3 lurking horrors
  8 starspawn tentacles
  3 tentacles (Hell)
3512 creatures vanquished.

Vanquished Creatures (collateral kills)
  9 Brimstone Fiends
  A deep elf master archer (Geh:2)
  A lich (Geh:6)
  A titan (Geh:1)
  An ancient champion (Hell)
  3 fire giants (Geh:7)
  2 frost giants
  4 balrugs
  3 reapers
  A stone giant (Geh:3)
  A war gargoyle (Hell)
  A kraken zombie (Hell)
  A quicksilver dragon skeleton (Geh:6)
  17 hell hogs
  2 storm dragon zombies
  An iron golem (Geh:1)
  A deep elf knight (Geh:1)
  10 hell knights
  9 sun demons
  2 titan skeletons
  A storm dragon skeleton (Geh:4)
  A skeletal warrior (Hell)
  A flayed ghost (Geh:1)
  A golden dragon zombie (Geh:4)
  A quicksilver dragon simulacrum (Hell)
  2 anaconda zombies
  A phantasmal warrior (Geh:6)
  A deep elf archer (Geh:1)
  An anaconda skeleton (Geh:6)
  A wolf spider zombie (Geh:5)
  An iron dragon zombie (Geh:3)
  5 stone giant zombies
  5 fire giant zombies
  A rust devil (Geh:5)
  An iron dragon skeleton (Hell)
  A dire elephant zombie (Geh:3)
  A stone giant skeleton (Geh:3)
  3 smoke demons
  A frost giant skeleton (Geh:5)
  3 molten gargoyles
  A dire elephant skeleton (Geh:2)
  6 hellions
  A minotaur zombie (Geh:3)
  6 efreet
  A shock serpent skeleton (Geh:2)
  5 tormentors
  An ice devil (Hell)
  3 hydra zombies
  16 red devils
  A harpy zombie (Geh:6)
  A harpy skeleton (Geh:7)
  2 ettin zombies
  An ettin skeleton (Geh:6)
  14 flying skulls
  3 shadows
  4 wraiths
  3 fire dragon skeletons
  5 fire elementals
  A fire bat (Geh:2)
  18 hell hounds
  A swamp dragon zombie (Geh:1)
  A snapping turtle zombie (Geh:7)
  4 snapping turtle skeletons
  A phantom (Geh:3)
  5 wights
  A crimson imp (Geh:1)
  A human zombie (Geh:3)
  A gnoll shaman (D:9)
  A tengu zombie (Geh:6)
  A gnoll (D:9)
  3 tentacles (Hell)
217 creatures vanquished.

Vanquished Creatures (others)
  A fire giant (Vaults:5)
  An ogre mage (Abyss:4)
  6 hell hogs
  A hornet (Abyss:4)
  A bog body (Swamp:3)
  A necromancer (Geh:3)
  A phantasmal warrior (Geh:3)
  3 large abominations
  An iron dragon zombie (Geh:4)
  An orb spider (Spider:1)
  A rust devil (Geh:4)
  A tormentor (Geh:5)
  A minotaur skeleton (Geh:4)
  A jumping spider (Spider:1)
  3 bloated husks
  A tyrant leech (Swamp:4)
  A raiju (Abyss:3)
  3 flying skulls
  2 wraiths
  A fire bat (Abyss:4)
  2 golden eyes (Abyss:4)
  4 small abominations
  2 fire elementals
  4 chaos spawn
  An acid dragon (Abyss:4)
  A swamp drake (Swamp:4)
  A hell hound (Geh:1)
  A cane toad skeleton (Geh:6)
  5 briar patches (Swamp:3)
  5 demonic plants (Abyss:5)
  14 foxfires (Swamp:3)
  35 fungi
  4 lurking horrors
  130 plants
  46 starspawn tentacles
  13 tentacles
  24 withered plants (Gauntlet)
324 creatures vanquished.

Grand Total: 4053 creatures vanquished

Notes
Turn   | Place    | Note
-------+----------+-------------------------------------------
     0 | D:1      | potato4science the Hill Orc Fighter began the quest for the
                  | Orb.
     0 | D:1      | Reached XP level 1. HP: 19/19 MP: 1/1
    47 | D:1      | Got the Handbook of Evil Secrets and Stones
   483 | D:1      | Reached XP level 2. HP: 25/27 MP: 2/2
   583 | D:1      | Found a faded altar of an unknown god.
  1128 | D:2      | Reached XP level 3. HP: 27/33 MP: 3/3
  1152 | D:2      | Reached skill level 1 in Dodging
  1371 | D:2      | Noticed Robin
  1382 | D:2      | Killed Robin
  1383 | D:2      | Reached XP level 4. HP: 27/40 MP: 4/4
  1806 | D:2      | Reached skill level 5 in Axes
  2115 | D:2      | Reached XP level 5. HP: 29/46 MP: 5/5
  3372 | D:4      | Found a burning altar of Makhleb.
  3524 | D:4      | Reached skill level 5 in Fighting
  3524 | D:4      | Reached XP level 6. HP: 46/56 MP: 6/6
  5253 | D:4      | Found a burning altar of Makhleb.
  5713 | D:5      | Entered Level 5 of the Dungeon
  5883 | D:5      | Noticed a black bear
  5886 | D:5      | Killed a black bear
  5891 | D:5      | Reached XP level 7. HP: 10/63 MP: 7/7
  6480 | D:5      | Reached skill level 5 in Armour
  6504 | D:5      | Found a shimmering altar of Xom.
  7031 | D:5      | Reached skill level 5 in Shields
  7143 | D:5      | Reached XP level 8. HP: 69/70 MP: 8/8
  7433 | D:5      | Found a stormy altar of Qazlal.
  7718 | D:6      | Identified a scroll of acquirement
  7718 | D:6      | Acquired the ring "Wotefaw" {rElec rF+ rCorr}
  7963 | D:6      | Found an ancient bone altar of Kikubaaqudgha.
  8035 | D:6      | Found a shadowy altar of Dithmenos.
  8286 | D:6      | Acquired a scarf of resistance
  8751 | D:6      | Reached XP level 9. HP: 79/79 MP: 9/9
  9401 | D:7      | Found a staircase to the Ecumenical Temple.
  9419 | Temple   | Entered the Ecumenical Temple
  9436 | Temple   | Became a worshipper of Warmaster Okawaru
  9492 | D:7      | Found a sand-covered staircase.
  9508 | D:7      | Reached skill level 1 in Invocations
  9511 | Ossuary  | Entered an ossuary
 10257 | D:7      | Reached skill level 5 in Invocations
 10470 | D:7      | Reached * piety under Okawaru
 11179 | D:7      | Found a sparkling altar of Nemelex Xobeh.
 11252 | D:7      | Reached XP level 10. HP: 88/88 MP: 16/16
 11284 | D:7      | Noticed a two-headed ogre
 11625 | D:7      | Killed a two-headed ogre
 11758 | D:7      | Acquired 786 gold pieces
 11874 | D:7      | Reached ** piety under Okawaru
 12294 | D:8      | Identified the ring of Jupeest {rF+ MP+9 Slay+4}
 12399 | D:8      | Noticed Maurice
 12442 | D:8      | Killed Maurice
 12489 | D:8      | Found a hide-covered altar of Uskayaw.
 12740 | D:8      | Found an ornate altar of the Wu Jian Council.
 12889 | D:8      | Found a roughly hewn altar of Beogh.
 13419 | D:8      | Reached skill level 10 in Axes
 13604 | D:9      | Found a sacrificial altar of Ru.
 13770 | D:9      | Reached *** piety under Okawaru
 13771 | D:9      | Reached skill level 10 in Invocations
 13819 | D:9      | Reached XP level 11. HP: 50/97 MP: 18/18
 14011 | D:9      | Found a bloodstained altar of Trog.
 14176 | D:9      | Noticed a tengu warrior
 14224 | D:9      | Killed a tengu warrior
 14225 | D:9      | Reached skill level 5 in Dodging
 14560 | D:10     | Entered Level 10 of the Dungeon
 14673 | D:10     | Noticed a manticore
 14743 | D:10     | Killed a manticore
 15013 | D:10     | Noticed a five-headed hydra
 15081 | D:10     | Killed a five-headed hydra
 15081 | D:10     | Reached **** piety under Okawaru
 15326 | D:10     | Found a snail-covered altar of Cheibriados.
 15505 | D:10     | Found a staircase to the Orcish Mines.
 15580 | D:10     | Noticed Maggie
 15597 | D:10     | Killed Maggie
 15701 | D:10     | Found a staircase to the Lair.
 15806 | D:10     | Found a radiant altar of Vehumet.
 15832 | D:10     | Found a white marble altar of Elyvilon.
 15845 | D:10     | Gained mutation: Your body sometimes deteriorates upon
                  | taking damage. [potion of mutation]
 15845 | D:10     | Gained mutation: Your muscles are strong. (Str +2) [potion
                  | of mutation]
 15845 | D:10     | Gained mutation: Your body often deteriorates upon taking
                  | damage. [potion of mutation]
 15845 | D:10     | Gained mutation: You possess an exceptional clarity of
                  | mind. [potion of mutation]
 15846 | D:10     | Lost mutation: Your muscles are strong. (Str +2) [potion of
                  | mutation]
 15846 | D:10     | Lost mutation: You possess an exceptional clarity of mind.
                  | [potion of mutation]
 15846 | D:10     | Gained mutation: Your flesh is cold resistant. (rC+)
                  | [potion of mutation]
 15846 | D:10     | Gained mutation: Your mind is acute. (Int +2) [potion of
                  | mutation]
 15847 | D:10     | Lost mutation: Your flesh is cold resistant. (rC+) [potion
                  | of mutation]
 15847 | D:10     | Lost mutation: Your body often deteriorates upon taking
                  | damage. [potion of mutation]
 15847 | D:10     | Lost mutation: Your body sometimes deteriorates upon taking
                  | damage. [potion of mutation]
 15847 | D:10     | Gained mutation: You are partially covered in large bone
                  | plates. (SH +4) [potion of mutation]
 15847 | D:10     | Gained mutation: You passively dampen the noise of your
                  | surroundings. [potion of mutation]
 15932 | D:11     | Found a flagged portal.
 15951 | Bailey   | Entered a bailey
 16114 | Bailey   | Noticed an orc knight
 16337 | Bailey   | Reached skill level 10 in Fighting
 16624 | Bailey   | Killed an orc knight
 16624 | Bailey   | Reached ***** piety under Okawaru
 16931 | D:11     | Noticed a two-headed ogre
 16940 | D:11     | Killed a two-headed ogre
 16941 | D:11     | Reached XP level 12. HP: 100/106 MP: 19/19
 17491 | D:11     | Noticed a four-headed hydra
 17605 | D:11     | Killed a four-headed hydra
 17937 | D:12     | Noticed a two-headed ogre
 17945 | D:12     | Killed a two-headed ogre
 18170 | D:12     | Noticed a two-headed ogre
 18247 | D:12     | Killed a two-headed ogre
 18248 | D:12     | Reached skill level 10 in Armour
 18377 | D:11     | Identified the +3 broad axe of the Present {venom, rElec
                  | SInv Stlth+} (Okawaru gifted it to you on level 11 of the
                  | Dungeon)
 18377 | D:11     | Received a gift from Okawaru
 18378 | D:11     | Reached skill level 10 in Shields
 18525 | D:12     | Noticed a death knight
 18607 | D:12     | Killed a death knight
 18679 | D:12     | Noticed a boulder beetle
 18693 | D:12     | Killed a boulder beetle
 18704 | D:12     | Noticed a tengu warrior
 18712 | D:12     | Noticed a sphinx
 18719 | D:12     | Killed a tengu warrior
 18729 | D:12     | Paralysed by a sphinx for 5 turns
 18736 | D:12     | Paralysed by a sphinx for 7 turns
 18743 | D:12     | Killed a sphinx
 18743 | D:12     | Identified the +4 broad axe "Reygueqi" {drain, +Blink rC+}
                  | (Okawaru gifted it to you on level 12 of the Dungeon)
 18743 | D:12     | Received a gift from Okawaru
 18744 | D:12     | Reached XP level 13. HP: 55/117 MP: 20/20
 18823 | D:12     | Noticed a tengu reaver
 18841 | D:12     | Killed a tengu reaver
 19390 | Lair:1   | Entered Level 1 of the Lair of Beasts
 20540 | Lair:2   | Received a gift from Okawaru
 20604 | Lair:2   | Found a staircase to the Swamp.
 21382 | Lair:3   | Found a hole to the Spider Nest.
 21528 | Lair:3   | Found a gate leading to a gauntlet.
 21537 | Gauntlet | Entered a Gauntlet
 21537 | Gauntlet | Found a transporter.
 21540 | Gauntlet | Found a transporter.
 21541 | Gauntlet | Noticed a reaper
 21556 | Gauntlet | Found a transporter.
 21560 | Gauntlet | Found a transporter.
 21566 | Gauntlet | Found a transporter.
 21586 | Gauntlet | Found a transporter.
 21599 | Gauntlet | Found a transporter.
 21619 | Gauntlet | Found a transporter.
 21623 | Gauntlet | Found a transporter.
 21631 | Gauntlet | Found a transporter.
 21653 | Gauntlet | Found a transporter.
 21657 | Gauntlet | Found a transporter.
 21729 | Gauntlet | Killed a reaper
 21743 | Gauntlet | Identified the +0 pair of gloves "Tekin" {*Corrode rC++}
 21896 | Gauntlet | Reached skill level 15 in Axes
 21927 | Gauntlet | Identified the ring "Tyol" {Ice Will- Str+4 Dex+2 Stlth+}
 21934 | Gauntlet | Identified the +7 dagger of the Gloaming {vorpal, +Rage
                  | SInv Stlth-}
 21959 | Gauntlet | Noticed a minotaur
 21968 | Gauntlet | Killed a minotaur
 21999 | Gauntlet | Identified the ring of the Messenger {Ice +Blink Int+4}
 22577 | Lair:3   | Reached XP level 14. HP: 109/129 MP: 21/21
 23588 | Lair:4   | Identified the +7 rapier of Plunder {holy, rElec Stlth+}
 23753 | Lair:5   | Found a staircase to the Slime Pits.
 23788 | Lair:5   | Identified the +2 leather armour "Jykesh" {*Slow rPois
                  | Dex+3}
 24049 | Lair:5   | Received a gift from Okawaru
 24106 | Lair:5   | Received a gift from Okawaru
 24767 | Lair:6   | Entered Level 6 of the Lair of Beasts
 25147 | Lair:5   | Reached XP level 15. HP: 39/138 MP: 22/22
 25248 | Lair:6   | Received a gift from Okawaru
 25883 | Lair:6   | Found a burning altar of Makhleb.
 25901 | Lair:6   | Received a gift from Okawaru
 26162 | Lair:6   | Found a gateway to Hell.
 26322 | Orc:1    | Entered Level 1 of the Orcish Mines
 26886 | Orc:2    | Entered Level 2 of the Orcish Mines
 27173 | Orc:2    | Found Rifocip's Antique Weapon Shop.
 27178 | Orc:2    | Found a roughly hewn altar of Beogh.
 27447 | Orc:2    | Found Onaffed's General Store.
 27447 | Orc:2    | Found Vymuc's General Store.
 27449 | Orc:2    | Found Uqippef's Book Shop.
 27451 | Orc:2    | Found Jiqyamugue's Jewellery Emporium.
 27497 | Orc:2    | Bought a potion of curing for 45 gold pieces
 27555 | Orc:2    | Found a staircase to the Elven Halls.
 27928 | Swamp:1  | Entered Level 1 of the Swamp
 27946 | Swamp:1  | Reached skill level 15 in Shields
 28325 | Swamp:1  | Received a gift from Okawaru
 28326 | Swamp:1  | Reached XP level 16. HP: 112/146 MP: 16/23
 28937 | Swamp:2  | Got Kywiodwe's Grimoire of the Viperous Blaze
 29050 | Swamp:2  | Found a broken altar of Ashenzari.
 29345 | Swamp:3  | Reached skill level 15 in Fighting
 29561 | Swamp:3  | Found a transporter.
 29635 | Swamp:3  | Found a transporter.
 29852 | Swamp:3  | Lost mutation: Your mind is acute. (Int +2) [mutagenic
                  | glow]
 29876 | Swamp:3  | Gained mutation: You are clumsy. (Dex -2) [mutagenic glow]
 29933 | Swamp:3  | Identified the +1 pair of boots of Qibaq {rN+ Int-3 Dex+4
                  | Stlth+}
 29936 | Swamp:3  | Identified the ring "Xisez" {*Slow Str+6 Int+3 Dex+8}
 30355 | Swamp:4  | Entered Level 4 of the Swamp
 30381 | Swamp:4  | Identified the +12 hand axe of Valiance {vorpal, rC++
                  | Dex+2} (Okawaru gifted it to you on level 4 of the Swamp)
 30381 | Swamp:4  | Received a gift from Okawaru
 30720 | Swamp:4  | Noticed a thorn hunter
 30737 | Swamp:4  | Killed a thorn hunter
 31216 | Swamp:4  | Received a gift from Okawaru
 31290 | Swamp:4  | Noticed a thorn hunter
 31295 | Swamp:4  | Noticed a thorn hunter
 31306 | Swamp:4  | Killed a thorn hunter
 31307 | Swamp:4  | Reached XP level 17. HP: 135/161 MP: 17/24
 31437 | Swamp:4  | Got a decaying rune of Zot
 31507 | Swamp:4  | Reached skill level 15 in Armour
 31918 | Spider:1 | Entered Level 1 of the Spider Nest
 32238 | Spider:1 | Noticed Jorgrun
 32261 | Spider:1 | Killed Jorgrun
 32721 | Spider:1 | Identified the +4 war axe of Xuukil {vorpal, *Slow Str+6
                  | SInv} (Okawaru gifted it to you on level 1 of the Spider
                  | Nest)
 32721 | Spider:1 | Received a gift from Okawaru
 33335 | Spider:2 | Reached ****** piety under Okawaru
 34773 | Spider:3 | Identified the +1 tower shield of the Amoeba {rF++ Dex+3}
                  | (Okawaru gifted it to you on level 3 of the Spider Nest)
 34773 | Spider:3 | Received a gift from Okawaru
 34774 | Spider:3 | Reached XP level 18. HP: 173/173 MP: 25/25
 35407 | Spider:4 | Entered Level 4 of the Spider Nest
 35618 | Spider:4 | Noticed Arachne
 35652 | Spider:4 | Killed Arachne
 35950 | Spider:4 | Received a gift from Okawaru
 36132 | Spider:4 | Got a gossamer rune of Zot
 36352 | Spider:4 | Noticed Bai Suzhen
 36387 | Spider:4 | Killed Bai Suzhen
 36578 | Spider:4 | Received a gift from Okawaru
 38506 | D:13     | You fall into a shaft and drop 2 floors!
 38506 | D:15     | Entered Level 15 of the Dungeon
 39020 | D:13     | Reached XP level 19. HP: 182/182 MP: 26/26
 39039 | D:13     | Found Korod's Firing Range.
 39487 | D:14     | Found a runed translucent gate.
 39487 | D:14     | Found a runed translucent gate.
 39487 | D:14     | Found a runed translucent gate.
 39774 | D:14     | Noticed Cown's ghost (journeyman TrHu)
 40087 | D:14     | Found a gate to the Vaults.
 40097 | D:14     | Identified the +11 broad axe "Cir Sucs" {flame, Will++
                  | Str+2 Dex+3} (Okawaru gifted it to you on level 14 of the
                  | Dungeon)
 40097 | D:14     | Received a gift from Okawaru
 40458 | D:14     | Killed Cown's ghost
 40471 | D:14     | Got the ring "Tiedeaff" {Fire Str+4}
 40538 | D:15     | Found Waqypounase's Distillery.
 40544 | D:15     | Bought a potion of curing for 45 gold pieces
 40544 | D:15     | Bought a potion of resistance for 150 gold pieces
 40544 | D:15     | Bought a potion of curing for 45 gold pieces
 40600 | D:15     | Found a burning altar of Makhleb.
 40655 | D:15     | Found a staircase to the Depths.
 40820 | D:15     | Found a glowing golden altar of the Shining One.
 41151 | D:15     | Noticed Rupert
 41158 | D:15     | Killed Rupert
 41265 | Vaults:1 | Entered Level 1 of the Vaults
 41282 | Vaults:1 | Identified the +3 hand crossbow of Hefonekk {vorpal, Dex+5}
                  | (Okawaru gifted it to you on level 1 of the Vaults)
 41282 | Vaults:1 | Received a gift from Okawaru
 41639 | Vaults:1 | Reached XP level 20. HP: 180/193 MP: 27/27
 41651 | Vaults:1 | Found a crumbling gateway.
 41661 | Desolati | Entered the Desolation of Salt
 41887 | Desolati | Received a gift from Okawaru
 42318 | Desolati | Received a gift from Okawaru
 42341 | Desolati | Got Lehudib's Incunabulum of Combat Magic and the Mountains
 42364 | Desolati | Found the +3 pair of gauntlets of War {Slay+5}
 42561 | Desolati | Got Sif Muna's Disquisition on Ensnaring Stones
 42565 | Desolati | Identified the amulet of Sophism {Reflect rPois rF+ rC-
                  | Dex+2 SH+5}
 42573 | Desolati | Got the Compendium of Frigorific Stones
 42640 | Desolati | Identified the ring of Funn {rPois rF- Int+6 Stlth+}
 42651 | Desolati | Got the Reference Book on Congealing Clay
 42866 | Vaults:1 | Acquired a manual of Invocations
 44135 | Vaults:2 | Identified the +2 pair of boots of Hairiness {rF++}
                  | (Okawaru gifted it to you on level 2 of the Vaults)
 44135 | Vaults:2 | Received a gift from Okawaru
 44140 | Vaults:2 | Reached XP level 21. HP: 207/207 MP: 31/31
 44247 | Vaults:2 | Found Qaun Odu's Book Shoppe.
 44247 | Vaults:2 | Found Laitoh's General Store.
 44260 | Vaults:2 | Reached skill level 15 in Invocations
 44302 | Vaults:2 | Found Jutal's Assorted Antiques.
 44310 | Vaults:2 | Bought a scroll of teleportation for 87 gold pieces
 44310 | Vaults:2 | Bought a potion of flight for 87 gold pieces
 44310 | Vaults:2 | Bought a potion of might for 116 gold pieces
 44310 | Vaults:2 | Bought a scroll of teleportation for 87 gold pieces
 44335 | Vaults:2 | Bought a potion of curing for 57 gold pieces
 44335 | Vaults:2 | Bought a potion of haste for 190 gold pieces
 44361 | Vaults:2 | Got the Disquisition on Bewitching Flight
 45085 | Vaults:2 | Found Murch's Magic Scroll Shop.
 45093 | Vaults:2 | Bought a scroll of teleportation for 45 gold pieces
 45093 | Vaults:2 | Bought a scroll of summoning for 142 gold pieces
 45093 | Vaults:2 | Bought a scroll of fear for 52 gold pieces
 45093 | Vaults:2 | Bought a scroll of teleportation for 45 gold pieces
 45093 | Vaults:2 | Bought a scroll of teleportation for 45 gold pieces
 45093 | Vaults:2 | Bought a scroll of silence for 112 gold pieces
 45093 | Vaults:2 | Bought a scroll of magic mapping for 52 gold pieces
 45093 | Vaults:2 | Bought a scroll of holy word for 112 gold pieces
 45093 | Vaults:2 | Bought a scroll of teleportation for 45 gold pieces
 45241 | Vaults:3 | Received a gift from Okawaru
 45371 | Vaults:3 | Noticed Frederick
 45381 | Vaults:3 | Killed Frederick
 45591 | Vaults:3 | Found Pocid's Book Emporium.
 45915 | Vaults:3 | Found a staircase to the Crypt.
 46024 | Vaults:3 | Received a gift from Okawaru
 46027 | Vaults:3 | Reached XP level 22. HP: 215/215 MP: 36/36
 46517 | Vaults:3 | Noticed a golden dragon
 46552 | Vaults:3 | Killed a golden dragon
 46558 | Vaults:3 | Found the +8 glaive of the Guard {elec, spectral, AC+5}
 46900 | Vaults:4 | Found a flickering gateway to a bazaar.
 46906 | Bazaar   | Entered a bazaar
 46906 | Bazaar   | Found Lemiddub's Antique Weapon Boutique.
 46906 | Bazaar   | Found Idghett's Antique Armour Boutique.
 46925 | Bazaar   | Found Doamahex's Armour Emporium.
 46934 | Bazaar   | Bought +0 gold dragon scales for 1280 gold pieces
 46952 | Bazaar   | Found Gaurghopi's Armour Emporium.
 46960 | Bazaar   | Bought a +2 cloak of preservation for 387 gold pieces
 46965 | Bazaar   | Found Ziatonupt's Jewellery Shoppe.
 46973 | Bazaar   | Bought the amulet of the Four Winds {rN+ Will+++ Clar} for
                  | 395 gold pieces
 46973 | Bazaar   | Found the amulet of the Four Winds {rN+ Will+++ Clar}
 47114 | Vaults:4 | Noticed Mara
 47128 | Vaults:4 | Noticed potato4science's illusion
 47131 | Vaults:4 | Killed Mara
 47131 | Vaults:4 | Received a gift from Okawaru
 48455 | Vaults:4 | Acquired 1160 gold pieces
 48789 | Elf:1    | Entered Level 1 of the Elven Halls
 48881 | Elf:1    | Found Gecoduitt's Antique Weapon Shoppe.
 49038 | Elf:1    | Identified the +2 pair of boots of Marbles {rCorr Str-2
                  | SInv} (Okawaru gifted it to you on level 1 of the Elven
                  | Halls)
 49038 | Elf:1    | Received a gift from Okawaru
 49116 | Elf:1    | Got the Incunabulum of Summoning
 49303 | Elf:1    | Paralysed by an air elemental for 1 turns
 49909 | Elf:2    | Found the +7 sceptre of Torment {pain, torment}
 50020 | Elf:2    | Found a huge runed translucent gate.
 50020 | Elf:2    | Found a huge runed translucent gate.
 50020 | Elf:2    | Found a huge runed translucent gate.
 50021 | Elf:2    | Found a huge runed translucent gate.
 50023 | Elf:2    | Found a huge runed translucent gate.
 50072 | Elf:2    | Reached XP level 23. HP: 210/223 MP: 37/37
 50528 | Elf:3    | Entered Level 3 of the Elven Halls
 50863 | Elf:3    | Identified the +7 war axe "Ofuis" {flame, Fly rF+}
 51140 | Elf:3    | Identified the +2 broad axe "Asetzum" {vamp, rN+ Dex+5}
                  | (Okawaru gifted it to you on level 3 of the Elven Halls)
 51140 | Elf:3    | Received a gift from Okawaru
 51173 | Elf:3    | Noticed Asterion
 51186 | Elf:3    | Identified the +11 flail "Futwaeco" {venom, rF- Str-4 Int+8
                  | SInv}
 51194 | Elf:3    | Killed Asterion
 51206 | Elf:3    | Received a gift from Okawaru
 51719 | Elf:3    | Found the +10 tower shield of Ignorance {rN+ Int-4}
 51798 | Elf:3    | Identified the amulet "Okiceyt" {Reflect Harm rPois rF+
                  | SH+5 Stlth-}
 51823 | Elf:3    | Identified the ring of the Queen {Slay+3 SInv Stlth+}
 52193 | Elf:3    | Identified the +1 plate armour of Jyutiqi {rCorr}
 52228 | Elf:3    | Identified the +4 chain mail "Buonn" {rCorr Dex+6}
 52261 | Elf:3    | Identified the +1 pair of gloves of Philately {rN+ Slay+3}
 52712 | Depths:1 | Entered Level 1 of the Depths
 52857 | Depths:1 | Noticed Sojobo
 52878 | Depths:1 | Killed Sojobo
 53874 | Depths:1 | Found a hide-covered altar of Uskayaw.
 53903 | Depths:1 | Found Olalek's Book Shoppe.
 53905 | Depths:1 | Found Ciuneel's Jewellery Shop.
 53906 | Depths:1 | Found Vifuarchy's Book Shoppe.
 54136 | Depths:1 | Found a glowing silver altar of Zin.
 54445 | Depths:2 | Reached XP level 24. HP: 220/231 MP: 37/37
 54687 | Depths:2 | Identified the +3 ring mail of Crawling {rElec rPois rF-
                  | Str-5} (Okawaru gifted it to you on level 2 of the Depths)
 54687 | Depths:2 | Received a gift from Okawaru
 55535 | Depths:2 | Found a one-way gate leading to the halls of Pandemonium.
 56960 | Depths:3 | Found a one-way gate to the infinite horrors of the Abyss.
 56992 | Depths:4 | Noticed a juggernaut
 57007 | Depths:4 | Killed a juggernaut
 57007 | Depths:4 | Received a gift from Okawaru
 57120 | Depths:4 | Found Urateyl's Antique Weapon Shop.
 57123 | Depths:4 | Bought a brightly glowing hand crossbow for 187 gold pieces
 57123 | Depths:4 | Identified the +7 hand crossbow "Paeclime" {penet, Fly rC+
                  | rN+ Will+ Int-2} (You bought it in a shop on level 4 of the
                  | Depths)
 57141 | Depths:4 | Noticed Louise
 57150 | Depths:4 | Killed Louise
 57411 | Depths:4 | You fall into a shaft and drop 1 floor!
 57411 | Depths:5 | Entered Level 5 of the Depths
 57411 | Depths:5 | Found a runed translucent door.
 57411 | Depths:5 | Found a runed translucent door.
 57472 | Depths:5 | Identified the +1 pair of boots of the Lair of Beasts
                  | {Rampage rN+++ Str-3 Stlth+} (Okawaru gifted it to you on
                  | level 5 of the Depths)
 57472 | Depths:5 | Received a gift from Okawaru
 57473 | Depths:5 | Found a runed translucent door.
 57473 | Depths:5 | Found a runed translucent door.
 57496 | Depths:5 | Found a runed translucent door.
 57496 | Depths:5 | Found a runed translucent door.
 57520 | Depths:5 | Reached XP level 25. HP: 236/243 MP: 37/37
 57664 | Depths:5 | Reached skill level 10 in Dodging
 57844 | Depths:5 | Found a gateway to a ziggurat.
 58943 | Depths:5 | Found a gate to the Realm of Zot.
 59561 | Depths:4 | Identified the ring "Lulysean" {Fire rPois Str-5 Int-4
                  | Dex+8}
 59611 | Depths:4 | Identified the +9 hand axe "Zaegh" {vorpal, rElec rF+
                  | Will++ Int-3} (Okawaru gifted it to you on level 4 of the
                  | Depths)
 59611 | Depths:4 | Received a gift from Okawaru
 59920 | Depths:4 | Found a glowing golden altar of the Shining One.
 60614 | Vaults:5 | Entered Level 5 of the Vaults
 60947 | Vaults:5 | Received a gift from Okawaru
 60957 | Vaults:5 | Got a silver rune of Zot
 61022 | Vaults:5 | Noticed a dread lich
 61039 | Vaults:5 | Killed a dread lich
 61040 | Vaults:5 | Reached XP level 26. HP: 155/256 MP: 37/37
 61659 | Vaults:5 | Identified the ring "Ycwyar" {Int+3 Dex+6}
 62182 | Vaults:5 | Got the Compendium of the Badger
 62214 | Vaults:5 | Received a gift from Okawaru
 62406 | Vaults:5 | Identified the +2 mace of the Realm of Zot {drain, rElec}
 62586 | Vaults:5 | Identified the +1 pair of boots of Satisfaction {rElec MP-9
                  | Dex+3 Stlth+}
 62802 | Vaults:5 | Gained mutation: Your magical capacity is low. (-10% MP) [a
                  | shining eye]
 63392 | Slime:1  | Entered Level 1 of the Pits of Slime
 64416 | Slime:1  | You fall into a shaft and drop 1 floor!
 64432 | Slime:2  | Identified the +10 shortbow "Mosaequf" {flame, rN+}
                  | (Okawaru gifted it to you on level 2 of the Pits of Slime)
 64432 | Slime:2  | Received a gift from Okawaru
 65468 | Slime:2  | Gained mutation: Your spells are a little easier to cast,
                  | but a little less powerful. [a shining eye]
 65469 | Slime:2  | Gained mutation: You are frail. (-10% HP) [a shining eye]
 65472 | Slime:2  | Gained mutation: Your spells are easier to cast, but less
                  | powerful. [a shining eye]
 65473 | Slime:2  | Gained mutation: You are very clumsy. (Dex -4) [a shining
                  | eye]
 65476 | Slime:2  | Reached XP level 27. HP: 242/242 MP: 33/33
 65972 | Slime:4  | Noticed Donald
 65983 | Slime:4  | Killed Donald
 66333 | Slime:5  | Entered Level 5 of the Pits of Slime
 66368 | Slime:5  | Noticed the Royal Jelly
 66407 | Slime:5  | Killed the Royal Jelly
 66407 | Slime:5  | Identified the +1 chain mail of the Blue Moon {Harm
                  | *Corrode rPois Dex+5} (Okawaru gifted it to you on level 5
                  | of the Pits of Slime)
 66407 | Slime:5  | Received a gift from Okawaru
 67221 | Slime:5  | Found the +8 whip "Snakebite" {venom, curare, rPois}
 67234 | Slime:5  | Reached skill level 27 in Fighting
 67264 | Slime:5  | Identified the +1 broad axe "Sytabyry" {holy, Str+2}
 67272 | Slime:5  | Identified the ring of the Sunfish {MP+9 Dex+6}
 67282 | Slime:5  | Identified the ring "Ryotih" {rF+ Will++ rCorr Slay-2 SInv}
 67293 | Slime:5  | Identified the +2 robe of Insatiable Hunger {Str+6 Int+2}
 67316 | Slime:5  | Got a slimy rune of Zot
 67919 | Depths:4 | Voluntarily entered the Abyss.
 68001 | Abyss:1  | Found a corrupted altar of Lugonu.
 68138 | Abyss:2  | Found a corrupted altar of Lugonu.
 68232 | Abyss:2  | Noticed a dread lich
 68248 | Abyss:2  | Killed a dread lich
 68262 | Abyss:2  | Got the Grimoire of Ashen Orientation
 68435 | Abyss:3  | Identified the +1 helmet "Naymej" {Int-2 Slay+4}
 68949 | Abyss:3  | Received a gift from Okawaru
 68999 | Abyss:3  | Identified the +1 robe of the Good {rElec Str+2} (Okawaru
                  | gifted it to you on level 3 of the Abyss)
 68999 | Abyss:3  | Received a gift from Okawaru
 69004 | Abyss:3  | Found a stormy altar of Qazlal.
 69922 | Abyss:4  | Gained mutation: You sometimes lose the ability to read
                  | scrolls when taking damage. [a neqoxec]
 69986 | Abyss:4  | Paralysed by accursed screaming for 1 turns
 70141 | Abyss:4  | Found a corrupted altar of Lugonu.
 70142 | Abyss:4  | Gained mutation: You tend to lose your temper in combat. [a
                  | neqoxec]
 70406 | Abyss:4  | Gained mutation: You often lose your temper in combat. [a
                  | neqoxec]
 70499 | Abyss:4  | Found a runed translucent door.
 70517 | Abyss:4  | Identified the +3 kite shield of the Gloaming {rPois rN+
                  | Dex+2} (Okawaru gifted it to you on level 4 of the Abyss)
 70517 | Abyss:4  | Received a gift from Okawaru
 70541 | Abyss:4  | Reached skill level 27 in Armour
 70577 | Abyss:4  | Paralysed by accursed screaming for 1 turns
 70692 | Abyss:5  | Entered Level 5 of the Abyss
 71705 | Abyss:5  | Gained mutation: Your body sometimes deteriorates upon
                  | taking damage. [a neqoxec]
 71728 | Abyss:5  | Gained mutation: Armour fits poorly on your strangely
                  | shaped body. [a neqoxec]
 71738 | Abyss:5  | Found a glowing golden altar of the Shining One.
 71761 | Abyss:5  | Gained mutation: You occasionally shout uncontrollably at
                  | your foes. [a neqoxec]
 71773 | Abyss:5  | Noticed a juggernaut
 71782 | Abyss:5  | Killed a juggernaut
 71782 | Abyss:5  | Received a gift from Okawaru
 71797 | Abyss:5  | Got an abyssal rune of Zot
 71807 | Abyss:5  | Gained mutation: Your magical capacity is very low. (-20%
                  | MP) [a neqoxec]
 71817 | Depths:4 | Escaped the Abyss
 72259 | Lair:3   | Lost mutation: You often lose your temper in combat.
                  | [potion of mutation]
 72259 | Lair:3   | Lost mutation: Your spells are easier to cast, but less
                  | powerful. [potion of mutation]
 72259 | Lair:3   | Lost mutation: Your spells are a little easier to cast, but
                  | a little less powerful. [potion of mutation]
 72259 | Lair:3   | Lost mutation: You sometimes lose the ability to read
                  | scrolls when taking damage. [potion of mutation]
 72260 | Lair:3   | Lost mutation: You are frail. (-10% HP) [potion of
                  | mutation]
 72260 | Lair:3   | Lost mutation: Your magical capacity is very low. (-20% MP)
                  | [potion of mutation]
 72260 | Lair:3   | Lost mutation: Your body sometimes deteriorates upon taking
                  | damage. [potion of mutation]
 72260 | Lair:3   | Gained mutation: You are partially covered in iridescent
                  | scales. (AC +2) [potion of mutation]
 72261 | Lair:3   | Lost mutation: You are partially covered in iridescent
                  | scales. (AC +2) [potion of mutation]
 72261 | Lair:3   | Lost mutation: Your magical capacity is low. (-10% MP)
                  | [potion of mutation]
 72261 | Lair:3   | Gained mutation: You expend magic power (3 MP) to
                  | strengthen your wands. [potion of mutation]
 72342 | Lair:5   | Lost mutation: You are very clumsy. (Dex -4) [potion of
                  | mutation]
 72342 | Lair:5   | Lost mutation: You occasionally shout uncontrollably at
                  | your foes. [potion of mutation]
 72342 | Lair:5   | Lost mutation: You expend magic power (3 MP) to strengthen
                  | your wands. [potion of mutation]
 72561 | Swamp:4  | Lost mutation: You passively dampen the noise of your
                  | surroundings. [potion of mutation]
 72561 | Swamp:4  | Lost mutation: You tend to lose your temper in combat.
                  | [potion of mutation]
 72561 | Swamp:4  | Gained mutation: You are strong-willed. (Will+) [potion of
                  | mutation]
 72942 | Elf:3    | Lost mutation: You are partially covered in large bone
                  | plates. (SH +4) [potion of mutation]
 72942 | Elf:3    | Lost mutation: You are clumsy. (Dex -2) [potion of
                  | mutation]
 72942 | Elf:3    | Gained mutation: You have very sharp teeth. [potion of
                  | mutation]
 73091 | Orc:2    | Bought a potion of mutation for 120 gold pieces
 73091 | Orc:2    | Lost mutation: Armour fits poorly on your strangely shaped
                  | body. [potion of mutation]
 73091 | Orc:2    | Lost mutation: You are strong-willed. (Will+) [potion of
                  | mutation]
 73091 | Orc:2    | Gained mutation: You have large cloven feet. [potion of
                  | mutation]
 73091 | Orc:2    | Gained mutation: You are partially covered in iridescent
                  | scales. (AC +2) [potion of mutation]
 73091 | Orc:2    | Gained mutation: You have a pair of small horns on your
                  | head. [potion of mutation]
 73091 | Orc:2    | Gained mutation: Your system is resistant to poisons.
                  | (rPois) [potion of mutation]
 73094 | Orc:2    | Learned a level 1 spell: Apportation
 73097 | Orc:2    | Learned a level 2 spell: Blink
 73101 | Orc:2    | Bought the Disquisition on Beguiling for 338 gold pieces
 73110 | Orc:2    | Learned a level 6 spell: Invisibility
 73295 | Temple   | Fell from the grace of Okawaru
 73295 | Temple   | Became a worshipper of the Shining One
 73671 | Crypt:1  | Entered Level 1 of the Crypt
 73732 | Crypt:1  | Reached skill level 1 in Hexes
 73734 | Crypt:1  | Reached skill level 1 in Translocations
 73739 | Crypt:1  | Reached * piety under the Shining One
 73742 | Crypt:1  | Reached skill level 1 in Spellcasting
 73743 | Crypt:1  | Noticed Mennas
 73772 | Crypt:1  | Killed Mennas
 73840 | Crypt:1  | Reached ** piety under the Shining One
 74248 | Crypt:1  | Reached *** piety under the Shining One
 74930 | Crypt:2  | Reached **** piety under the Shining One
 75238 | Crypt:2  | Reached ***** piety under the Shining One
 75281 | Crypt:2  | Reached skill level 5 in Translocations
 75292 | Crypt:2  | Noticed a dread lich
 75328 | Crypt:2  | Killed a dread lich
 75329 | Crypt:2  | Reached skill level 5 in Spellcasting
 75370 | Crypt:2  | Reached ****** piety under the Shining One
 76013 | Crypt:2  | Learned a level 3 spell: Ozocubu's Armour
 76401 | Depths:1 | Bought a book of Rime for 504 gold pieces
 76405 | Depths:1 | Learned a level 3 spell: Frozen Ramparts
 76743 | Crypt:3  | Entered Level 3 of the Crypt
 76752 | Crypt:3  | Reached skill level 1 in Ice Magic
 76833 | Crypt:3  | Reached skill level 5 in Ice Magic
 77384 | Crypt:3  | Found a staircase to the Tomb.
 78155 | Crypt:3  | Noticed a dread lich
 78170 | Crypt:3  | Killed a dread lich
 78171 | Crypt:3  | Reached skill level 10 in Ice Magic
 78851 | Crypt:3  | Found the +2 ratskin cloak {*Rats rPois rN+ Str-1 Int-1
                  | Dex+1}
 78852 | Crypt:3  | Found the +8 storm bow {elec, penet}
 78859 | Crypt:3  | Identified the ring of Yvahem {rElec rPois rC+ rCorr Int+4}
 78901 | Crypt:3  | Identified the amulet of Noacsael {Regen+ Str+6 Slay+3}
 78901 | Crypt:3  | Identified the ring of Yjaywi Xan {rC+ rN+ Slay+3}
 79299 | Hell     | Entered the Vestibule of Hell
 79299 | Hell     | Noticed Geryon
 79359 | Hell     | Killed Geryon
 79364 | Hell     | Reached skill level 15 in Dodging
 79466 | Hell     | Found a gateway to the freezing wastes of Cocytus.
 79527 | Hell     | Found a gateway to the Iron City of Dis.
 79630 | Hell     | Found a gateway to the ashen valley of Gehenna.
 79755 | Hell     | Found a gateway to the decaying netherworld of Tartarus.
 80119 | Geh:1    | Entered Level 1 of Gehenna
 81761 | Geh:3    | Identified the +0 tower shield of Subjectivity {rCorr
                  | Int+2}
 82310 | Geh:3    | Was forgiven by Okawaru
 83817 | Geh:4    | Identified the -10 tower shield "Seasug" {Drain rF++ Str+3}
 85091 | Geh:6    | Identified the +0 tower shield "Leamiog" {+Blink rPois
                  | Str-3 SInv}
 85588 | Geh:7    | Entered Level 7 of Gehenna
 85961 | Geh:7    | HP: 2/273 [Brimstone Fiend/damnation (36)]
 85962 | Geh:7    | Killed from afar by a Brimstone Fiend

Illustrated notes

Levels and vault maps discovered:
D:1:      giann_wishing_wells, layout_basic, basic_ecumenical_altar,
          chequers_garden
D:2:      kennysheep_the_goblin_king, layout_rooms, minmay_statues_item,
          uniq_robin
D:3:      layout_basic, hangedman_abyss_or_decor_stabs,
          nicolae_underground_beach
D:4:      layout_layer_cave, mainiacjoe_overflow_boulevard
D:5:      layout_basic, xom_butterflies, nicolae_qazlal_general_emergency,
          kennysheep_generic_room_16
D:6:      layout_basic, kennysheep_mini_moat, kennysheep_vampire_church,
          wad_floor_pattern_2, kennysheep_generic_room_2
D:7:      layout_loops_corners, general_overflow_altar,
          minmay_temple_entry_antechambers, nicolae_ossuary_entry_catacombs,
          wad_woods_river_04, chequers_jeans, minmay_misc_feat_encased
D:8:      layout_loops_ring, nicolae_wu_jian_wuxing_cycle,
          kennysheep_little_box, special_room [special_room_orc], uniq_maurice
D:9:      layout_big_octagon, mainiacjoe_overflow_paths,
          mainiacjoe_overflow_tiny_flanked
D:10:     layout_basic, slow_altar_2, mainiacjoe_overflow_two_lobes,
          grunt_lair_entry_orc_guard_hut, minmay_misc_feat_doors,
          chequers_arboretum, uniq_maggie
D:11:     layout_loops_ring, enter_bailey_4
D:12:     hangedman_cross_veins, layout_basic
D:13:     layout_gridville, minivault_14, nicolae_shop_firing_range
D:14:     minmay_thick_lines, layout_loops_cross, grunt_vaults_entry_tiered,
          gammafunk_ghost_icy, grunt_decor_cap
D:15:     hangedman_depths_entry_civil_slaughter, layout_basic,
          lemuel_round_altar, serial_shops, shop, bloody_makhleb, uniq_rupert
Temple:   jpeg_temple_island
Lair:1:   layout_chaotic_city, grunt_megastairs_1
Lair:2:   layout_loops_ring, swamp_mist, beast_lair_carwin_7, lemuel_fruit_tree,
          serial_bayou_shore_a, infiniplex_staircase_pool_2,
          minmay_lair_oklob_chamber
Lair:3:   layout_chaotic_city, dummy_spider_entry, gauntlet_entry_generic,
          serial_bayou_shore_b
Lair:4:   layout_regular_city, grunt_megastairs_3, infiniplex_staircase_pool
Lair:5:   beast_lair_carwin_large_1, layout_regular_city,
          minmay_slime_entry_jelly_boxes, patterned_corridor
Lair:6:   evil_forest, layout_long_grid, grunt_megastairs_4
Swamp:1:  layout_basic_swamp, serial_swamp_ruin, evilmike_swamp_ruin_house_2,
          evilmike_swamp_ruin_house_5, swamp_pool1
Swamp:2:  layout_basic_swamp, nicolae_swamp_godswood
Swamp:3:  gammafunk_worm_tunnel, layout_basic_swamp, nicolae_swamp_triple_paths
Swamp:4:  swamp_basic_johnstein, layout_basic_swamp
Spider:1: layout_spider_delve, uniq_jorgrun
Spider:2: layout_chambers
Spider:3: layout_spider_delve, hangedman_spider_tarantella_strand
Spider:4: grunt_spider_rune_island, hive_lemuel, uniq_bai_suzhen, uniq_arachne
Slime:1:  layout_caves, nicolae_slime_barrier
Slime:2:  layout_caves
Slime:3:  layout_caves
Slime:4:  layout_caves, uniq_donald
Slime:5
Orc:1:    layout_caves, roderic_batcave, elves_outpost_lemuel
Orc:2:    st_orc_rangers, layout_diamond_mine, serial_shops, shop, mines2_david
Elf:1:    minmay_elf_arrival_plus, layout_loops_cross, serial_shops, shop,
          minmay_elf_demonology
Elf:2:    elven_hall_of_blades_hangedman_alternative
          [nicolae_blade_entry_hurt_lockers], layout_geoelf_octagon
Elf:3:    elf_hall, layout_loops_corners, uniq_asterion
Vaults:1: v_pattern_5, hangedman_vaults_stream, vaults_room_fours,
          vaults_room_pools, nicolae_vaults_mini_display_case,
          ontoclasm_vaults_ring_small, v_misc_30, vaults_mumra_minichess,
          vaults_mumra_lcd, v_misc_22, nicolae_vaults_octagons,
          ontoclasm_vaults_tryst, vaults_room_pool, layout_vaults_omnicross,
          portal_desolation_entry_garden
Vaults:2: nicolae_vaults_specimen_jars, hangedman_vaults_restitches,
          dpeg_vaults_monster_row, ontoclasm_vaults_ring_square,
          hangedman_vaults_hard_town_square, nicolae_vaults_rhombus_7,
          v_pattern_3, vaults_room_grunt_arrival_ludios, v_misc_16,
          layout_vaults_ring, serial_shops, shop
Vaults:3: hangedman_vaults_stitches, v_pattern_1, nicolae_vaults_network_s,
          minmay_guarded_unrand_guard_vaults, nicolae_vaults_what_the_h,
          nicolae_vaults_ring_of_whatevers, vaults_room_fours,
          hangedman_vaults_trim, layout_vaults_chaotic_city, dummy_crypt_entry,
          serial_shops, shop, uniq_frederick
Vaults:4: nicolae_vaults_network_quinsquares
          [nicolae_vaults_network_quincunx_subvault,
          nicolae_vaults_network_quincunx_subvault,
          nicolae_vaults_network_quincunx_subvault,
          nicolae_vaults_network_quincunx_subvault], ontoclasm_vaults_twist,
          nicolae_vaults_alarming, v_misc_11, grunt_vaults_funnel,
          nicolae_vaults_display_case, vaults_room_grid,
          layout_vaults_quadrants, serial_shops, bzr_entry_safe, uniq_mara
Vaults:5: serial_shops
Crypt:1:  layout_chaotic_city, nicolae_crypt_ancient_font, st_burial_chamber,
          grunt_crypt_arrival_split, uniq_mennas
Crypt:2:  grunt_deathspiral_small, layout_gridlike
Crypt:3:  due_elkab, layout_chaotic_city, minmay_misc_feat_cross
Depths:1: layout_honeycomb, grunt_hell_entry_dis_mu, nicolae_uskayaw_dance_hall,
          zin_treasury, minmay_shop_grove, serial_bayou_shore_b, uniq_sojobo
Depths:2: kb_forest_paths, layout_gridlike, pan_entry, dk_noncrumbling_2,
          hangedman_tar_grid_catacomb
Depths:3: minmay_thinvault, layout_cave_pools, hell_entry,
          marbit_kobold_abyss_entry, pan_entry, infiniplex_staircase_diamond
Depths:4: minmay_ambush_box, layout_long_grid, grunt_metal_band,
          nicolae_abyss_entry_one_way_or_another, rand_demon_pan_entry_9,
          serial_shops, nicolae_stop_n_shop_2, tso_altar,
          infiniplex_staircase_zigzag_5
Depths:5: evilmike_zot_entry_castle, layout_basic, enter_ziggurat_f,
          serial_bayou, serial_bayou_lagoon_a, serial_bayou_pond_c,
          serial_bayou_crossing, serial_bayou_shore_b, hell_entry, pan_entry,
          lemuel_flamethrower_2
Hell
Geh:1:    layout_gehenna_lava_caves
Geh:2:    layout_gehenna_pools_box
Geh:3:    layout_gehenna_lava_caves, lemuel_flamethrower_3
Geh:4:    layout_gehenna_pools_basic
Geh:5:    layout_gehenna_pools_triple
Geh:6:    layout_gehenna_pools_triple
Geh:7:    evilmike_geh

Skill      XL: |  1  2  3  4  5  6  7  8  9 10 11 12 13 14 15 16 17 18 19 20 21 22 23 24 25 26 27 |
---------------+----------------------------------------------------------------------------------+-----
Axes           | 3 4 5 6 7 9 10 11 13 15 17 18 | 18.0
Fighting       | 4 5 6 7 8 9 10 11 13 14 17 18 19 20 22 23 24 26 27 | 27.0
Dodging        | 2 3 4 6 7 8 9 11 17 | 17.0
Armour         | 4 5 6 8 9 10 11 12 14 17 19 21 22 23 27 | 27.0
Shields        | 4 5 6 7 9 10 11 12 15 18 19 20 23 25 | 25.0
Invocations    | 8 10 14 20 26 | 26.7
Hexes          | 3 |  3.0
Translocations | 9 |  9.0
Spellcasting   | 6 |  6.0
Ice Magic      | 12 | 12.0

Action                   |  1- 3 |  4- 6 |  7- 9 | 10-12 | 13-15 | 16-18 | 19-21 | 22-24 | 25-27 || total
-------------------------+-------+-------+-------+-------+-------+-------+-------+-------+-------++-------
Melee: War axe           |    82 |   162 |   499 |   451 |       |       |       |       |       ||  1194
       Dagger            |       |       |       |    26 |    96 |   109 |       |       |       ||   231
       Broad axe         |       |       |       |    63 |   944 |  1329 |  1023 |  1121 |  3818 ||  8298
       Unarmed           |       |       |       |       |     6 |       |       |       |       ||     6
       Headbutt          |       |       |       |       |       |       |       |       |   564 ||   564
       Bite              |       |       |       |       |       |       |       |       |   291 ||   291
Throw: Javelin           |     1 |       |    23 |    30 |       |       |       |       |       ||    54
       Boomerang         |       |       |       |    50 |   125 |   193 |    14 |       |    77 ||   459
       Dart              |       |       |       |    13 |       |       |       |       |       ||    13
 Cast: Ozocubu's Armour  |       |       |       |       |       |       |       |       |     2 ||     2
Invok: Heroism           |       |       |       |    13 |    18 |    16 |    17 |    12 |    24 ||   100
       Finesse           |       |       |       |     5 |    12 |    13 |    13 |    12 |    19 ||    74
       Divine Shield     |       |       |       |       |       |       |       |       |    38 ||    38
       Summon Divine War |       |       |       |       |       |       |       |       |    25 ||    25
       Cleansing Flame   |       |       |       |       |       |       |       |       |     9 ||     9
Evoke: Wand              |       |       |       |     4 |     7 |     1 |       |       |       ||    12
  Use: Potion            |       |     1 |       |     4 |     3 |     4 |       |     1 |    17 ||    30
       Scroll            |       |       |     9 |     6 |    18 |     3 |     2 |     8 |     9 ||    55
 Stab: Distracted        |       |       |       |       |       |       |       |       |     1 ||     1
       Invisible         |       |       |       |       |       |       |       |       |     2 ||     2
Armor: Scale mail        |    54 |    82 |   193 |     3 |       |       |       |       |       ||   332
       Plate armour      |       |       |       |   316 |   440 |   716 |   236 |    34 |       ||  1742
       Gold dragon scale |       |       |       |       |       |       |       |   181 |   650 ||   831
Dodge: Dodged            |    35 |    61 |   155 |   119 |   286 |   426 |   149 |   135 |   432 ||  1798
Block: Kite shield       |    44 |    94 |   249 |   468 |   873 |   777 |       |       |       ||  2505
       Tower shield      |       |       |       |       |       |   642 |  1045 |  1117 |  4193 ||  6997
       Other             |       |       |       |       |       |     1 |       |       |       ||     1
